Map: Ruins of Seras

Players

Nana

  • Race: Terran Terran
  • League: Platinum

Wellmet - Winner!

  • Race: Terran Terran
  • League: Platinum

VOD

Have the link to the VOD?

Description

Time

  • Played on: Nov. 11, 2015, 3:05 a.m.
  • Length: 8:38
Show
View Real Time Build Order
Export as new Build Order

Nana Terran 

Build Orders: 1/1/1, Liberator Opening 

Get SALT Encoding   

  12  0:01  SCV  
  13  0:13  SCV  
  14  0:20  Supply Depot  
  14  0:25  SCV  
  15  0:42  SCV, Refinery  
  16  0:46  Barracks  
  16  0:54  SCV  
  17  1:06  SCV  
  19  1:18  SCV  
  19  1:34  Orbital Command  
  19  1:36  Marine  
  20  1:43  Factory  
  20  1:49  Supply Depot  
  20  1:54  Marine  
  20  1:59  SCV  
  22  2:08  Refinery  
  22  2:11  SCV  
  22  2:12  Marine  
  24  2:23  SCV  
  24  2:28  Starport  
  24  2:29  Marine  
  26  2:37  SCV  
  26  2:38  Supply Depot  
  26  2:40  Factory Tech Lab  
  27  2:47  Marine  
  27  2:49  SCV  
  29  3:01  SCV  
  30  3:10  Raven  
  32  3:14  SCV  
  33  3:22  Factory Reactor  
  33  3:26  SCV  
  34  3:30  Command Center  
  34  3:31  Bunker  
  34  3:39  SCV  
  35  3:42  Liberator  
  35  3:43  Supply Depot  
  35  3:51  SCV  
  39  4:05  SCV  
  39  4:07  Widow Mine, Marine x2  
  44  4:17  SCV  
  45  4:27  Marine x2  
  45  4:29  SCV  
  46  4:36  Widow Mine  
  46  4:38  Liberator  
  47  4:49  Marine  
  47  4:50  SCV  
  49  5:02  SCV  
  47  5:14  SCV  
  42  5:24  Marine x2  
  42  5:26  SCV  
  43  5:30  Orbital Command  
  43  5:38  SCV  
  43  5:42  Marine x2  
  43  5:50  SCV  
  41  5:59  Marine  
  41  6:00  Marine  
  41  6:02  SCV x2, Engineering Bay  
  44  6:16  SCV  
  44  6:17  Marine x2  
  47  6:28  SCV  
  50  6:40  SCV  
  46  6:52  SCV, Starport Reactor  
  45  6:58  Marine  
  42  7:04  SCV  
  42  7:07  Barracks x2, Missile Turret  
  42  7:08  Barracks  
  43  7:09  Hellion  
  43  7:10  Hellion  
  43  7:11  Liberator x2  
  47  7:16  Marine  
  54  7:31  SCV  
  54  7:32  Hellion x2  
  57  7:40  Marine  
  57  7:43  SCV  
  35  7:50  Orbital Command  
  18  7:53  Hellion  
  18  7:55  SCV  
  20  7:58  Marine x2  
  19  8:07  SCV  
  21  8:19  SCV  
Show
View Real Time Build Order
Export as new Build Order

Wellmet Terran - Winner!

Build Orders: 1/1/1, Banshee Rush 

Get SALT Encoding   

  12  0:01  SCV  
  13  0:13  SCV  
  14  0:19  Supply Depot  
  14  0:25  SCV  
  15  0:40  SCV  
  15  0:41  Barracks  
  16  0:46  Refinery  
  16  0:52  SCV  
  16  0:55  Refinery  
  17  1:04  SCV  
  18  1:18  SCV  
  19  1:28  Marine  
  19  1:31  Orbital Command  
  20  1:37  Factory  
  20  1:49  Barracks Reactor  
  20  1:53  Supply Depot  
  20  2:00  SCV  
  21  2:12  SCV  
  22  2:22  Starport  
  21  2:24  SCV  
  21  2:26  Factory Tech Lab  
  21  2:28  Marine  
  23  2:32  Marine  
  24  2:37  SCV  
  25  2:44  Supply Depot  
  25  2:52  SCV  
  25  2:53  Marine  
  25  2:54  Marine  
  28  3:03  Cloaking Field  
  28  3:10  Banshee  
  31  3:15  Factory Tech Lab  
  31  3:17  Marine  
  31  3:18  Marine  
  33  3:21  SCV  
  34  3:27  Supply Depot  
  37  3:34  Siege Tank  
  37  3:37  SCV  
  38  3:42  Marine  
  39  3:48  Marine  
  39  3:50  Supply Depot  
  40  3:56  Banshee  
  40  3:59  SCV  
  44  4:03  Marine  
  44  4:06  Marine  
  46  4:11  Siege Tank  
  49  4:17  Supply Depot  
  49  4:21  Marine  
  49  4:24  Marine  
  50  4:26  SCV  
  52  4:42  Marine x2  
  52  4:44  Banshee  
  52  4:45  Siege Tank  
  57  4:55  SCV  
  58  5:00  Marine x2  
  46  5:22  Marine x2  
  46  5:23  Siege Tank  
  46  5:26  SCV  
  52  5:34  Banshee  
  55  5:40  Marine x2  
  50  5:57  Command Center, Marine  
  50  5:58  Marine  
  50  6:02  SCV  
  50  6:06  Siege Tank  
  53  6:18  Marine x2  
  51  6:28  SCV, Starport Reactor  
  51  6:30  Command Center  
  52  6:36  Marine  
  52  6:37  Marine  
  54  6:44  SCV  
  54  6:45  Siege Tank  
  54  6:49  Barracks  
  54  6:56  Marine x2  
  56  7:03  SCV  
  57  7:10  Barracks  
  57  7:13  Starport Reactor  
  57  7:15  Orbital Command  
  57  7:17  Marine x2  
  59  7:35  Marine x2  
  59  7:41  Orbital Command  
  59  7:44  Orbital Command  
  56  7:47  SCV  
  56  7:58  Marine  
  56  7:59  Marine  
  56  8:03  Marine x3  
  60  8:11  SCV x3  
  59  8:23  SCV  
Tags
 
Add a new tag
Caveats
  • Supply blocks, unpowered buildings, or Contaminate may cause inaccurate times.
  • Supply counts are checked every 10 seconds.